ESL (28 & UNDER)
READING RAINBOWS @ NEWARK BULLDOGS
04/14/2028
 
TOP OF THE 1ST
Reading Rainbows batting - Pitching for Newark Bulldogs : RHP Russ Brown
Pitching: RHP Russ Brown
Batting: RHB Von Ford 0-0: Called Strike
0-1: Ball
1-1: Called Strike
1-2: Fly out, F7 (Line Drive, 7D)
Batting: RHB Ron King 0-0: Ball
1-0: Ball
2-0: Swinging Strike
2-1: Called Strike
2-2: Foul Ball, location: 2F
2-2: Strikes out looking
Batting: RHB Richard Case 0-0: Ground out 6-3 (Groundball, 6)
Top of the 1st over - 0 run(s), 0 hit(s), 0 error(s), 0 left on base; Reading 0 - Newark 0
BOTTOM OF THE 1ST
Newark Bulldogs batting - Pitching for Reading Rainbows : RHP Jason MacKnight
Pitching: RHP Jason MacKnight
Batting: LHB Gerardo Guzmán 0-0: Called Strike
0-1: Swinging Strike
0-2: Ball
1-2: Foul Ball, location: 2F
1-2: Strikes out swinging
Batting: RHB Wilson Flores 0-0: Fly out, F4 (Popup, 34D)
Batting: RHB Tony Long 0-0: Ball
1-0: Ball
2-0: Ball
3-0: Called Strike
3-1: Base on Balls
Batting: LHB Gabriel Aragón 0-0: Ball
1-0: Fly out, F7 (Flyball, 7LM)
Bottom of the 1st over - 0 run(s), 0 hit(s), 0 error(s), 1 left on base; Reading 0 - Newark 0
TOP OF THE 2ND
Reading Rainbows batting - Pitching for Newark Bulldogs : RHP Russ Brown
Batting: LHB Víctor Peña 0-0: Hit by Pitch
Batting: RHB Ethan Moore 0-0: Ball
1-0: Called Strike
1-1: Foul Ball, location: 2F
1-2: Strikes out swinging
Batting: LHB Shane Lynch 0-0: Ground out 4-3 (Groundball, 34)
Víctor Peña to second
Batting: RHB Juan Magdayao 0-0: Ball
1-0: Ball
2-0: Foul Ball, location: 2F
2-1: Swinging Strike
2-2: Strikes out swinging
Top of the 2nd over - 0 run(s), 0 hit(s), 0 error(s), 1 left on base; Reading 0 - Newark 0
BOTTOM OF THE 2ND
Newark Bulldogs batting - Pitching for Reading Rainbows : RHP Jason MacKnight
Batting: LHB Wes Stone 0-0: TRIPLE (Flyball, 78XD)
Batting: RHB Stan Simpson 0-0: Ball
1-0: Called Strike
1-1: Ground out 5-3 (Groundball, 5L)
Batting: SHB Larry Peterson 0-0: Ball
1-0: Ground out U3 (Groundball, 3)
Batting: LHB Wes Thompson 0-0: Ball
1-0: Ball
2-0: Ball
3-0: Called Strike
3-1: Swinging Strike
3-2: SINGLE (Line Drive, 6M)
Wes Stone scores
Batting: RHB Peter Sexton 0-0: Ball
1-0: SINGLE (Flyball, 89S)
Wes Thompson to second
Runner from 2nd tries for 3rd, SAFE, throw made to third
Peter Sexton to second
Batting: LHB Gerardo Guzmán 0-0: SINGLE (Groundball, 6S) (infield hit)
Wes Thompson scores
Peter Sexton to third
Batting: RHB Wilson Flores 0-0: Called Strike
0-1: Swinging Strike
0-2: Strikes out looking
Bottom of the 2nd over - 2 run(s), 4 hit(s), 0 error(s), 2 left on base; Reading 0 - Newark 2
TOP OF THE 3RD
Reading Rainbows batting - Pitching for Newark Bulldogs : RHP Russ Brown
Batting: SHB Dan Chandler 0-0: Foul Ball, location: 2F
0-1: Ball
1-1: Called Strike
1-2: Strikes out looking
Batting: SHB Johnny Jackson 0-0: Ball
1-0: Called Strike
1-1: Ball
2-1: Called Strike
2-2: Strikes out swinging
Batting: RHB Von Ford 0-0: Called Strike
0-1: Ground out 6-3 (Groundball, 6)
Top of the 3rd over - 0 run(s), 0 hit(s), 0 error(s), 0 left on base; Reading 0 - Newark 2
BOTTOM OF THE 3RD
Newark Bulldogs batting - Pitching for Reading Rainbows : RHP Jason MacKnight
Batting: RHB Tony Long 0-0: Ball
1-0: Ball
2-0: Foul Ball, location: 2F
2-1: Fly out, F8 (Flyball, 8LM)
Batting: LHB Gabriel Aragón 0-0: Foul Ball, location: 2F
0-1: Ball
1-1: Ball
2-1: SOLO HOME RUN (Flyball, 89XD), Distance : 406 ft
Batting: LHB Wes Stone 0-0: Ball
1-0: Ball
2-0: Ball
3-0: Called Strike
3-1: Foul Ball, location: 2F
3-2: SINGLE (Line Drive, 89S)
Batting: RHB Stan Simpson 0-0: Ball
1-0: Ball
2-0: Swinging Strike
2-1: Called Strike
2-2: Strikes out looking
Batting: SHB Larry Peterson 0-0: Swinging Strike
0-1: Ball
1-1: Foul Ball, location: 2F
1-2: Foul Ball, location: 2F
1-2: Fly out, F6 (Popup, 6)
Bottom of the 3rd over - 1 run(s), 2 hit(s), 0 error(s), 1 left on base; Reading 0 - Newark 3
TOP OF THE 4TH
Reading Rainbows batting - Pitching for Newark Bulldogs : RHP Russ Brown
Batting: RHB Ron King 0-0: Ball
1-0: Ball
2-0: SINGLE (Line Drive, 34D)
Batting: RHB Richard Case 0-0: Ball
1-0: Ball
2-0: Foul Ball, location: 2F
2-1: Ball
3-1: SINGLE (Groundball, 6MD)
Ron King to second
Runner from 2nd tries for 3rd, SAFE, no throw
Batting: LHB Víctor Peña 0-0: Ball
1-0: DOUBLE (Groundball, 3L)
Ron King scores
Richard Case to third
Batting: RHB Ethan Moore 0-0: Ball
1-0: Ball
2-0: Swinging Strike
2-1: Foul Ball, location: 2F
2-2: Strikes out swinging
Batting: LHB Shane Lynch 0-0: Ball
1-0: Swinging Strike
1-1: Ground out U3 (Groundball, 34S)
Richard Case scores
Víctor Peña to third
Batting: RHB Juan Magdayao 0-0: Ground out 4-3 (Groundball, 4)
Top of the 4th over - 2 run(s), 3 hit(s), 0 error(s), 1 left on base; Reading 2 - Newark 3
BOTTOM OF THE 4TH
Newark Bulldogs batting - Pitching for Reading Rainbows : LHP Holden Clark
Pitching: LHP Holden Clark
Batting: LHB Wes Thompson 0-0: Ball
1-0: Ball
2-0: Ball
3-0: Called Strike
3-1: Ground out 6-3 (Groundball, 6S)
Batting: RHB Peter Sexton 0-0: Swinging Strike
0-1: Ball
1-1: Called Strike
1-2: Ball
2-2: Strikes out swinging
Batting: LHB Gerardo Guzmán 0-0: Called Strike
0-1: Called Strike
0-2: Foul Ball, location: 2F
0-2: Ball
1-2: Ground out 5-3 (Groundball, 56S)
Bottom of the 4th over - 0 run(s), 0 hit(s), 0 error(s), 0 left on base; Reading 2 - Newark 3
TOP OF THE 5TH
Reading Rainbows batting - Pitching for Newark Bulldogs : RHP Russ Brown
Batting: SHB Dan Chandler 0-0: Called Strike
0-1: Called Strike
0-2: Ball
1-2: Reached via error on a dropped throw, E1
Batting: SHB Johnny Jackson 0-0: Called Strike
0-1: Foul Ball, location: 2F
0-2: Strikes out swinging
Batting: RHB Von Ford 0-0: Ball
Dan Chandler steals 2nd base
1-0: SINGLE (Line Drive, 56D)
Dan Chandler to third
Runner from 3rd tries for Home, SAFE, no throw
Batting: RHB Ron King 0-0: Called Strike
Von Ford is caught stealing 2nd base
0-1: Ground out 5-3 (Groundball, 56)
Top of the 5th over - 1 run(s), 1 hit(s), 1 error(s), 0 left on base; Reading 3 - Newark 3
BOTTOM OF THE 5TH
Newark Bulldogs batting - Pitching for Reading Rainbows : LHP Holden Clark
Batting: RHB Wilson Flores 0-0: Called Strike
0-1: Ball
1-1: Bunted foul
1-2: Ball
2-2: Ball
3-2: Foul Ball, location: 2F
3-2: SINGLE (Line Drive, 7S)
Batting: RHB Tony Long 0-0: Ball
1-0: Ball
2-0: Ball
3-0: Called Strike
3-1: Base on Balls
Wilson Flores to second
Batting: LHB Gabriel Aragón 0-0: Grounds into double play, 4-6-3 (Groundball, 4)
Wilson Flores to third
Batting: LHB Wes Stone 0-0: Ball
1-0: Foul Ball, location: 2F
1-1: Ball
2-1: Foul Ball, location: 2F
2-2: Ball
3-2: Ground out 3-1 (Groundball, 34S)
Bottom of the 5th over - 0 run(s), 1 hit(s), 0 error(s), 1 left on base; Reading 3 - Newark 3
TOP OF THE 6TH
Reading Rainbows batting - Pitching for Newark Bulldogs : RHP Russ Brown
Batting: RHB Richard Case 0-0: Ground out 4-3 (Groundball, 4)
Batting: LHB Víctor Peña 0-0: Foul Ball, location: 2F
0-1: Ball
1-1: SOLO HOME RUN (Flyball, 8RXD), Distance : 427 ft
Batting: RHB Ethan Moore 0-0: Ball
1-0: Called Strike
1-1: Foul Ball, location: 2F
1-2: Foul Ball, location: 2F
1-2: Foul Ball, location: 2F
1-2: Strikes out swinging
Batting: LHB Shane Lynch 0-0: Swinging Strike
0-1: Ball
1-1: Fly out, F8 (Flyball, 8RXD)
Top of the 6th over - 1 run(s), 1 hit(s), 0 error(s), 0 left on base; Reading 4 - Newark 3
BOTTOM OF THE 6TH
Newark Bulldogs batting - Pitching for Reading Rainbows : LHP Holden Clark
Batting: RHB Stan Simpson 0-0: Ball
1-0: Bunted foul
1-1: Called Strike
1-2: Strikes out swinging
Batting: SHB Larry Peterson 0-0: Swinging Strike
0-1: Ball
1-1: Fly out, F9 (Flyball, 9LS)
Batting: LHB Wes Thompson 0-0: DOUBLE (Line Drive, 78XD)
Batting: RHB Peter Sexton 0-0: Ball
1-0: Ball
2-0: Ball
3-0: Base on Balls
Batting: LHB Gerardo Guzmán 0-0: Ball
1-0: Foul Ball, location: 2F
1-1: Ball
2-1: Foul Ball, location: 2F
2-2: Foul Ball, location: 2F
2-2: Ball
3-2: Base on Balls
Wes Thompson to third
Peter Sexton to second
Pitching: RHP Matt Barlow
Batting: RHB Wilson Flores 0-0: Ball
1-0: Fielders Choice at 2nd, 6-4 (Groundball, 6)
Bottom of the 6th over - 0 run(s), 1 hit(s), 0 error(s), 2 left on base; Reading 4 - Newark 3
TOP OF THE 7TH
Reading Rainbows batting - Pitching for Newark Bulldogs : RHP Russ Brown
Batting: RHB Juan Magdayao 0-0: Fly out, F4 (Line Drive, 4M)
Batting: SHB Dan Chandler 0-0: Called Strike
0-1: Ball
1-1: Foul Ball, location: 2F
1-2: Strikes out swinging
Batting: SHB Johnny Jackson 0-0: Fly out, F8 (Flyball, 8LD)
Top of the 7th over - 0 run(s), 0 hit(s), 0 error(s), 0 left on base; Reading 4 - Newark 3
BOTTOM OF THE 7TH
Newark Bulldogs batting - Pitching for Reading Rainbows : RHP Matt Barlow
Batting: RHB Tony Long 0-0: SINGLE (Groundball, 6M) (infield hit)
Batting: LHB Gabriel Aragón 0-0: Called Strike
0-1: Ball
1-1: Reached on error, E4 (Groundball, 4)
Tony Long to second
Batting: LHB Wes Stone 0-0: Called Strike
0-1: Ball
1-1: Foul Ball, location: 2F
1-2: Ball
2-2: Foul Ball, location: 2F
2-2: Foul Ball, location: 2F
2-2: Foul Ball, location: 2F
2-2: Foul Ball, location: 2F
2-2: Foul Ball, location: 2F
2-2: Fly out, F7 (Flyball, 78M)
Lined into DP, 7-4 (Flyball, 78M)
Pinch Hitting: RHB Emílio Salas 0-0: Fly out, F6 (Line Drive, 6)
Bottom of the 7th over - 0 run(s), 1 hit(s), 1 error(s), 1 left on base; Reading 4 - Newark 3
TOP OF THE 8TH
Reading Rainbows batting - Pitching for Newark Bulldogs : RHP Russ Brown
Now at 2B: Emílio Salas
Batting: RHB Von Ford 0-0: DOUBLE (Line Drive, 9)
Batting: RHB Ron King 0-0: Intentional Walk
Pinch Hitting: LHB António Salazar 0-0: Foul Ball, location: 2F
0-1: Ball
1-1: Called Strike
1-2: Ball
2-2: Strikes out swinging
Batting: LHB Víctor Peña 0-0: Called Strike
0-1: Fly out, F4 (Popup, 4)
Batting: RHB Ethan Moore 0-0: SINGLE (Flyball, 34D)
Von Ford to third
Ron King to second
Runner from 3rd tries for Home, SAFE, no throw
Pitching: RHP Roberto Cordero
Batting: LHB Shane Lynch 0-0: Called Strike
0-1: Foul Ball, location: 2F
0-2: Foul Ball, location: 2F
0-2: Strikes out looking
Top of the 8th over - 1 run(s), 2 hit(s), 0 error(s), 2 left on base; Reading 5 - Newark 3
BOTTOM OF THE 8TH
Newark Bulldogs batting - Pitching for Reading Rainbows : RHP Matt Barlow
Now in RF: António Salazar
Batting: SHB Larry Peterson 0-0: Ball
1-0: Ball
2-0: Ball
3-0: Called Strike
3-1: Ground out 6-3 (Groundball, 6)
Batting: LHB Wes Thompson 0-0: Foul Ball, location: 2F
0-1: Foul Ball, location: 2F
0-2: Foul Ball, location: 2F
0-2: Ball
1-2: SINGLE (Groundball, 6D)
Batting: RHB Peter Sexton 0-0: Called Strike
0-1: Ball
1-1: Swinging Strike
Wes Thompson is caught stealing 2nd base
1-2: SINGLE (Line Drive, 7S)
Batting: LHB Gerardo Guzmán 0-0: Ball
Wild Pitch!
Peter Sexton to second
1-0: Ball
2-0: Ball
3-0: Base on Balls
Pinch Hitting: RHB Randy Simons 0-0: Foul Ball, location: 2F
0-1: Ball
1-1: Foul Ball, location: 2F
1-2: Fielders Choice at 2nd, 6-4 (Groundball, 6)
Bottom of the 8th over - 0 run(s), 2 hit(s), 0 error(s), 1 left on base; Reading 5 - Newark 3
TOP OF THE 9TH
Reading Rainbows batting - Pitching for Newark Bulldogs : RHP Roberto Cordero
Now at 3B: Juan Martínez
Batting: RHB Juan Magdayao 0-0: Foul Ball, location: 2F
0-1: Ball
1-1: Swinging Strike
1-2: Foul Ball, location: 2F
1-2: Foul Ball, location: 2F
1-2: Ball
2-2: Ground out 6-3 (Groundball, 6)
Batting: SHB Dan Chandler 0-0: Ball
1-0: Called Strike
1-1: Foul Ball, location: 2F
1-2: Ball
2-2: Ball
3-2: Foul Ball, location: 2F
3-2: Strikes out swinging
Batting: SHB Johnny Jackson 0-0: Called Strike
0-1: Called Strike
0-2: Ground out 1-3 (Groundball, 13S)
Top of the 9th over - 0 run(s), 0 hit(s), 0 error(s), 0 left on base; Reading 5 - Newark 3
BOTTOM OF THE 9TH
Newark Bulldogs batting - Pitching for Reading Rainbows : RHP Matt Barlow
Batting: RHB Tony Long 0-0: Swinging Strike
0-1: Ground out 6-3 (Groundball, 6)
Batting: LHB Gabriel Aragón 0-0: Called Strike
0-1: Foul Ball, location: 2F
0-2: DOUBLE (Line Drive, 89D)
Batting: LHB Wes Stone 0-0: Ground out U3 (Groundball, 34)
Gabriel Aragón to third
Pitching: LHP Pedro Rosado
Batting: RHB Emílio Salas 0-0: Ball
1-0: Ball
2-0: Foul Ball, location: 2F
2-1: Ball
3-1: Foul Ball, location: 2F
3-2: Foul Ball, location: 2F
3-2: Foul Ball, location: 2F
3-2: Base on Balls
Batting: SHB Larry Peterson 0-0: Ball
1-0: Foul Ball, location: 2F
1-1: Ball
2-1: Called Strike
2-2: Foul Ball, location: 2F
2-2: Ball
3-2: Base on Balls
Emílio Salas to second
Pinch Hitting: RHB Larry Booth 0-0: Ball
1-0: Fly out, F7 (Line Drive, 7)
Bottom of the 9th over - 0 run(s), 1 hit(s), 0 error(s), 3 left on base; Reading 5 - Newark 3
Tuesday, August 8th, 2017 - OOTP Baseball 17.12 Build 75